 Dungeon Crawl Stone Soup version 0.30.0-19-g36f170ea60 (webtiles) character file.

Game seed: 2572747572840950830

135334 bmack86 the Severer (level 16, -16/155 HPs)
             Began as a Minotaur Fighter on May 26, 2023.
             Was an Initiate of Gozag.
             Killed from afar by a shock serpent (23 damage)
             ... with a bolt of electricity
             ... on level 3 of the Snake Pit on May 28, 2023.
             The game lasted 01:08:58 (26901 turns).

bmack86 the Severer (Minotaur Fighter)             Turns: 26901, Time: 01:09:00

Health: -16/155    AC: 23    Str: 41    XL:     16   Next: 64%
Magic:  15/15      EV:  8    Int:  5    God:    Gozag
Gold:   5342       SH: 24    Dex: 10    Spells: 15/15 levels left

rFire   + . .        d - +5 war axe (flame)
rCold   + . .        t - +1 tower shield {rPois}
rNeg    . . .        x - +0 plate armour
rPois   +            s - +2 hat
rElec   .            i - scarf {rC+ rF+}
rCorr   .            Q - +2 pair of gloves
SInv    .            (no boots)
Will    +....        p - amulet of reflection Stlth
                     J - ring "Simailibe" {Str+6 Slay+6 Stlth-}
HPRegen 0.45/turn    r - +6 ring of strength
MPRegen 0.14/turn

%: reflection
@: gold aura
A: horns 2, retaliatory headbutt
a: Renounce Religion, Potion Petition, Call Merchant, Bribe Branch


You were on level 3 of the Snake Pit.
You worshipped Gozag.
Gozag was greatly pleased with you.
You visited 5 branches of the dungeon, and saw 26 of its levels.

You collected 9983 gold pieces.
You spent 1004 gold pieces at shops.
You paid 3637 gold pieces to Gozag.

Inventory:

Hand Weapons
 d - a +5 war axe of flaming (weapon)
Missiles
 G - 19 boomerangs
 U - 4 javelins
Armour
 i - a scarf of resistance (worn)
 s - a +2 hat (worn)
 t - a +1 tower shield of poison resistance (worn)
 x - a +0 plate armour (worn)
 D - a +1 tower shield of fire resistance
 Q - a +2 pair of gloves (worn)
Jewellery
 p - an amulet of reflection (around neck)
 r - a +6 ring of strength (right hand)
 J - the ring "Simailibe" (left hand) {Str+6 Slay+6 Stlth-}
   (You bought it in a shop on level 2 of the Dungeon)

   [ring of strength]

   Str:       It affects your strength (+6).
   Slay:      It affects your accuracy & damage with ranged weapons and melee
   (+6).
   Stlth:     It makes you less stealthy.
 P - a ring of ice
 R - a ring of resist corrosion
 S - a ring of protection from cold
Wands
 y - a wand of flame (33) (quivered)
 B - a wand of digging (14)
 I - a wand of mindburst (9)
 K - a wand of quicksilver (3)
 T - a wand of polymorph (3)
Scrolls
 a - 2 scrolls of identify
 c - 2 scrolls of enchant weapon
 l - a scroll of magic mapping
 m - 4 scrolls of blinking
 n - 2 scrolls of silence
 w - 8 scrolls of teleportation
 E - 3 scrolls of fog
 N - a scroll of brand weapon
 O - 3 scrolls of fear
Potions
 e - 5 potions of mutation
 g - a potion of ambrosia
 h - 4 potions of magic
 j - 12 potions of curing
 k - 2 potions of berserk rage
 o - 8 potions of haste
 q - 4 potions of cancellation
 u - a potion of resistance
 v - 5 potions of lignification
 z - 6 potions of flight
 A - 2 potions of invisibility
 F - 4 potions of brilliance
 V - 3 potions of might
 W - 3 potions of heal wounds


   Skills:
 + Level 17.4 Fighting
 + Level 18.3 Axes
 + Level 9.2 Throwing
 - Level 17.1 Armour
 - Level 17.1 Shields
 + Level 4.3 Evocations


You had 15 spell levels left.
You didn't know any spells.
Your spell library contained the following spells:

 Spells                   Type           Power      Damage    Failure   Level
 Sandblast                Erth           0%         2d4       95%         1
 Slow                     Hex            0%         N/A       95%         1
 Cigotuvi's Dreadful Rot  Necr/Pois/Air  0%         N/A       99%         2
 Ensorcelled Hibernation  Hex/Ice        0%         N/A       99%         2
 Passwall                 Tmut/Erth      0%         N/A       99%         2
 Sublimation of Blood     Necr           0%         N/A       99%         2
 Wereblood                Tmut           0%         N/A       99%         2
 Confusing Touch          Hex            0%         N/A       100%        3
 Frozen Ramparts          Ice            0%         1d1       100%        3
 Gell's Gravitas          Tloc           0%         N/A       100%        3
 Ignite Poison            Fire/Tmut/Pois 0%         N/A       100%        3
 Spider Form              Tmut/Pois      0%         N/A       100%        3
 Stone Arrow              Conj/Erth      0%         3d7       100%        3
 Teleport Other           Tloc           0%         N/A       100%        3
 Vampiric Draining        Necr           0%         2d6       100%        3
 Anguish                  Hex/Necr       0%         N/A       100%        4
 Dispel Undead            Necr           0%         3d6       100%        4
 Ice Form                 Ice/Tmut       0%         N/A       100%        4
 Petrify                  Tmut/Erth      0%         N/A       100%        4
 Sticky Flame             Conj/Fire      0%         2d3       100%        4
 Summon Ice Beast         Ice/Summ       0%         N/A       100%        4
 Borgnjor's Vile Clutch   Necr/Erth      0%         N/A       100%        5
 Irradiate                Conj/Tmut      0%         3d11      100%        5
 Summon Forest            Summ/Tloc      0%         N/A       100%        5
 Death Channel            Necr           0%         N/A       100%        6
 Dispersal                Tloc           0%         N/A       100%        6
 Eringya's Noxious Bog    Tmut/Pois      0%         N/A       100%        6
 Summon Hydra             Summ           0%         N/A       100%        7
 Ignition                 Fire           0%         3d3       100%        8
 Animate Dead             Necr           Unusable   N/A       N/A         4

Dungeon Overview and Level Annotations

Branches:
Dungeon (15/15)            Temple (1/1) D:6            Lair (5/5) D:11
  Swamp (0/4) Lair:3        Snake (3/4) Lair:3        Slime (0/5) Lair:4
    Orc (2/2) D:11            Elf (0/3) Orc:2        Vaults (0/5) D:13
 Depths (0/4) D:15

Altars:
Ashenzari
Cheibriados
Dithmenos
Elyvilon
Fedhas
Gozag
Hepliaklqana
Kikubaaqudgha
Makhleb
Nemelex Xobeh
Okawaru
Qazlal
Ru
Sif Muna
Trog
Uskayaw
Vehumet
Wu Jian
Xom
Yredelemnul
Zin
The Shining One
Jiyva

Shops:
D:2 =   D:6 *   D:8 !   D:11 *   Orc:2 ??(*   Snake:2 :

Annotations:
D:14 2 transporters, Ficoysum's ghost, journeyman GnWn


Innate Abilities, Weirdness & Mutations

You have a pair of horns on your head.
You reflexively headbutt those who attack you in melee.


Message History

A shock serpent comes into view.
Found gold dragon scales.
The shock serpent hisses angrily.
An anaconda comes into view.
The anaconda hisses angrily.
You hear a shout!
The shock serpent shoots out a bolt of lightning at you!
The bolt of electricity hits you!
You carve the anaconda like a ham!!! You burn the anaconda!
The anaconda is almost dead.
A naga comes into view. It is wielding a +0 heavy flail.
You slice the anaconda!! You burn the anaconda.
You kill the anaconda!
You slash the shock serpent! You burn the shock serpent.
The shock serpent's electric aura discharges, shocking you!
You block the shock serpent's attack. You block the shock serpent's attack.
The shock serpent shoots out a bolt of lightning at you!
The bolt of electricity hits you! x2
The bolt of electricity misses the shock serpent.
You see here 14 gold pieces.
Unknown command.
You closely miss the shock serpent. Your headbutt misses the shock serpent.
The shock serpent is lightly wounded.
The shock serpent bites you!
* * * LOW HITPOINT WARNING * * *
The shock serpent shocks you!
* * * LOW HITPOINT WARNING * * *
You slash the shock serpent! You burn the shock serpent.
The shock serpent is moderately wounded.
The shock serpent's electric aura discharges, shocking you!
* * * LOW HITPOINT WARNING * * *
The naga spits poison at you.
You block splash of poison... and reflect it back!
The splash of poison hits the naga.
The shock serpent shoots out a bolt of lightning at you!
The bolt of electricity hits you!
* * * LOW HITPOINT WARNING * * *
The bolt of electricity hits you!!
You die...
Your body crumbles into a pile of gold.

##...### #....
#####....).###....
###...####...#......
#.....#....#.#.....<
####.....####.#).).....
#........#....##.).....
##........#.....##......
#...N..S..#......#......
#...@...>....######>.
###.########## #.. ##
#.. ### ### ##..
##.###...


You could see a shock serpent and a naga (catching breath).

Vanquished Creatures
  Mlioglotl (Snake:3)
  Frances (D:14)
  2 nagarajas
  Nessos (Lair:3)
  Azrael (D:12)
  The ghost of Strat the Slicer, a journeyman KoBr of Uskayaw (Lair:4)
  A fire dragon (D:13)
  Josephine (Orc:2)
  Erica (D:7)
  A hydra (D:14)
  4 centaur warriors (D:15)
  6 naga warriors
  5 anacondas
  6 two-headed ogres
  4 catoblepae (Lair:5)
  3 tengu warriors (D:15)
  21 death yaks
  8 naga sharpshooters
  Urug (Lair:3)
  3 shock serpents (Snake:2)
  4 skeletal warriors (D:14)
  2 wizards (D:15)
  A bog body (Lair:3)
  Pikel (D:8)
  11 orc knights
  A phantasmal warrior (D:13)
  A necromancer (D:15)
  3 orc sorcerers
  A deep elf zephyrmancer (D:15)
  3 mana vipers
  16 ugly things
  2 naga ritualists (Snake:3)
  6 manticores
  3 salamanders (Snake:3)
  22 elephants
  7 cyclopes
  3 guardian serpents
  30 black mambas
  11 naga magi
  Joseph (D:7)
  2 centaur skeletons (D:15)
  10 cane toads
  7 komodo dragons
  A kobold demonologist (D:10)
  4 rime drakes
  6 trolls
  3 polar bears
  3 meliai (D:14)
  3 blink frogs (Lair:2)
  A hornet (D:10)
  10 slime creatures
  2 centaur simulacra (D:15)
  A vampire (D:13)
  A culicivora (shapeshifter) (D:14)
  76 yaks
  6 wraiths
  5 wyverns
  5 fire elementals (D:12)
  4 basilisks
  7 wargs
  33 nagas
  An acid dragon (D:13)
  19 water moccasins
  4 swamp worms (Lair:3)
  3 hell hounds (D:12)
  A meliai simulacrum (D:14)
  An ice beast (D:7)
  48 orc warriors
  A sky beast (D:7)
  3 black bears (D:11)
  16 wolves
  5 ogres
  A phantom (D:5)
  4 centaurs
  3 lemures (D:7)
  6 kobold brigands
  15 bullfrogs
  5 scorpions
  A gnoll sergeant (D:7)
  8 wights
  An electric eel (Lair:3)
  5 howler monkeys
  2 hounds
  23 orc priests
  3 sleepcaps
  2 iguanas (D:5)
  30 orc wizards
  A boggart skeleton (D:15)
  7 adders
  4 gnolls (D:7)
  4 shadow imps
  2 white imps
  An ufetubus (D:4)
  98 orcs
  8 ball pythons
  3 endoplasms
  2 giant cockroaches (D:1)
  10 hobgoblins
  3 jackals (D:1)
  3 quokkas
  2 bats (D:2)
  6 frilled lizards
  6 goblins
  17 kobolds
  2 rats
781 creatures vanquished.

Vanquished Creatures (others)
  A manticore (D:13)
  A human (D:3)
  An orc (Orc:1)
  A quokka (D:13)
4 creatures vanquished.

Grand Total: 785 creatures vanquished

Notes
Turn   | Place    | Note
-------+----------+-------------------------------------------
     0 | D:1      | bmack86 the Minotaur Fighter began the quest for the Orb.
     0 | D:1      | Reached XP level 1. HP: 19/19 MP: 0/0
    99 | D:1      | Reached skill level 3 in Axes
   181 | D:1      | Reached XP level 2. HP: 26/26 MP: 1/1
   673 | D:1      | Reached skill level 4 in Axes
  1041 | D:2      | Found Adghiniu's Jewellery Boutique.
  1336 | D:2      | Reached XP level 3. HP: 31/31 MP: 2/2
  1672 | D:3      | You fall into a shaft and drop 2 floors!
  1672 | D:5      | Entered Level 5 of the Dungeon
  1686 | D:5      | Reached skill level 5 in Axes
  1694 | D:5      | Reached XP level 4. HP: 38/38 MP: 3/3
  1737 | D:4      | Reached skill level 6 in Axes
  1953 | D:3      | Found an ancient bone altar of Kikubaaqudgha.
  1955 | D:3      | Noticed a human
  1956 | D:3      | Killed a human
  2070 | D:3      | Reached XP level 5. HP: 45/45 MP: 4/4
  2101 | D:3      | Found an ornate altar of the Wu Jian Council.
  2312 | D:3      | Found a glowing golden altar of the Shining One.
  2317 | D:3      | Noticed an angel
  2332 | D:3      | Found a basalt altar of Yredelemnul.
  2334 | D:3      | Noticed a profane servitor
  2660 | D:4      | Found a blossoming altar of Fedhas.
  2721 | D:4      | Reached skill level 7 in Axes
  3121 | D:4      | Found an iron altar of Okawaru.
  3261 | D:4      | Reached XP level 6. HP: 48/51 MP: 5/5
  3271 | D:5      | Reached skill level 8 in Axes
  3554 | D:5      | Reached skill level 9 in Axes
  3587 | D:5      | Reached XP level 7. HP: 57/57 MP: 6/6
  3770 | D:6      | Noticed a two-headed ogre
  3782 | D:5      | Killed a two-headed ogre
  3783 | D:5      | Reached skill level 11 in Axes
  3783 | D:5      | Reached XP level 8. HP: 5/64 MP: 7/7
  4089 | D:6      | Reached skill level 12 in Axes
  4297 | D:6      | Reached skill level 13 in Axes
  4349 | D:6      | Found Ticoimo's General Store.
  4405 | D:6      | Found a staircase to the Ecumenical Temple.
  4426 | Temple   | Entered the Ecumenical Temple
  4476 | Temple   | Became a worshipper of Gozag Ym Sagoz the Greedy
  4773 | D:6      | Found a shadowy altar of Dithmenos.
  4814 | D:6      | Found a radiant altar of Vehumet.
  4845 | D:6      | Found a glowing silver altar of Zin.
  4916 | D:7      | Noticed Joseph
  4931 | D:7      | Killed Joseph
  4932 | D:7      | Reached skill level 14 in Axes
  4932 | D:7      | Reached XP level 9. HP: 42/70 MP: 8/8
  5663 | D:7      | Reached skill level 15 in Axes
  5697 | D:7      | Noticed a troll
  5709 | D:7      | Killed a troll
  5710 | D:7      | Reached skill level 5 in Fighting
  6510 | D:8      | Noticed Erica
  6513 | D:8      | Noticed Pikel
  6546 | D:8      | Killed Pikel
  6553 | D:7      | Reached XP level 10. HP: 41/91 MP: 9/9
  6695 | D:7      | Killed Erica
  6696 | D:7      | Reached skill level 10 in Fighting
  6790 | D:8      | Found Puoss's Distillery.
  7442 | D:2      | Bought the ring "Simailibe" {Str+6 Slay+6 Stlth-} for 734
                  | gold pieces
  7564 | D:9      | Noticed a two-headed ogre
  7581 | D:9      | Killed a two-headed ogre
  8061 | D:9      | Found a shimmering altar of Xom.
  8434 | D:10     | Entered Level 10 of the Dungeon
  8445 | D:10     | Reached XP level 11. HP: 96/108 MP: 10/10
  8565 | D:10     | Found a burning altar of Makhleb.
  8967 | D:10     | Found a stormy altar of Qazlal.
  9058 | D:11     | Reached skill level 5 in Armour
  9058 | D:11     | Reached skill level 5 in Shields
  9142 | D:11     | Noticed an orc knight
  9165 | D:11     | Killed an orc knight
  9226 | D:11     | Found a staircase to the Lair.
  9384 | D:11     | Noticed a two-headed ogre
  9390 | D:11     | Killed a two-headed ogre
  9715 | D:11     | Found a staircase to the Orcish Mines.
  9887 | D:12     | Noticed Azrael
  9914 | D:12     | Killed Azrael
 10216 | D:12     | Reached XP level 12. HP: 78/117 MP: 11/11
 10694 | D:12     | Noticed a two-headed ogre
 10700 | D:12     | Killed a two-headed ogre
 11147 | D:13     | Noticed a two-headed ogre
 11154 | D:13     | Killed a two-headed ogre
 11155 | D:13     | Reached skill level 10 in Armour
 11155 | D:13     | Reached skill level 10 in Shields
 11426 | D:13     | Noticed a two-headed ogre
 11431 | D:13     | Killed a two-headed ogre
 11480 | D:13     | Found a white marble altar of Elyvilon.
 11661 | D:13     | Noticed a fire dragon
 11680 | D:13     | Killed a fire dragon
 11934 | D:13     | Found a gate to the Vaults.
 12268 | D:14     | Noticed an eight-headed hydra
 12274 | D:14     | Killed a five-headed hydra
 12316 | D:14     | Found an opulent altar of Gozag.
 12488 | D:14     | Found a bloodstained altar of Trog.
 12488 | D:14     | Noticed Ficoysum's ghost (journeyman GnWn)
 12488 | D:14     | Noticed a tengu warrior
 12490 | D:14     | Noticed a two-headed ogre
 12490 | D:14     | Noticed a two-headed ogre
 12491 | D:14     | Found a transporter.
 12520 | D:14     | Found a transporter.
 12530 | D:14     | Found the ring of Shadows {Umbra +Inv Stlth+}
 12537 | D:14     | Reached XP level 13. HP: 104/124 MP: 12/12
 12694 | D:14     | Found a shimmering altar of Xom.
 12702 | D:14     | Found a shimmering altar of Xom.
 12866 | D:14     | Found a shimmering altar of Xom.
 12980 | D:14     | Noticed Frances
 12990 | D:14     | Killed Frances
 13297 | D:15     | Entered Level 15 of the Dungeon
 14463 | D:15     | Reached skill level 15 in Armour
 14463 | D:15     | Reached skill level 15 in Shields
 14482 | D:15     | Found a staircase to the Depths.
 14994 | Lair:1   | Entered Level 1 of the Lair of Beasts
 15007 | Lair:1   | Found a hide-covered altar of Uskayaw.
 15355 | Lair:1   | Reached XP level 14. HP: 85/132 MP: 13/13
 16099 | Lair:2   | Reached skill level 1 in Throwing
 17333 | Lair:3   | Noticed Nessos
 17357 | Lair:3   | Killed Nessos
 17732 | Lair:3   | Noticed Urug
 17739 | Lair:3   | Killed Urug
 18323 | Lair:3   | Found a staircase to the Swamp.
 18808 | Lair:3   | Found a staircase to the Snake Pit.
 19579 | Lair:4   | Found a staircase to the Slime Pits.
 19579 | Lair:4   | Found a viscous altar of Jiyva.
 19649 | Lair:4   | Identified the +1 buckler of the Desert {rC+ Str+2 Int+3}
 19710 | Lair:4   | Found a runed translucent door.
 19711 | Lair:4   | Noticed Strat's ghost (journeyman KoBr)
 19727 | Lair:4   | Killed Strat's ghost
 19895 | Lair:5   | Entered Level 5 of the Lair of Beasts
 19915 | Lair:5   | Reached skill level 16 in Axes
 19999 | Lair:5   | Reached skill level 15 in Fighting
 20261 | Lair:5   | Reached XP level 15. HP: 123/141 MP: 14/14
 20474 | Lair:5   | Reached skill level 5 in Throwing
 20922 | Lair:5   | HP: 5/141 [yak (6)]
 21411 | Lair:5   | Identified the staff of earth "Pusap" {rElec Str+2}
 21760 | Orc:1    | Entered Level 1 of the Orcish Mines
 21885 | Orc:2    | Entered Level 2 of the Orcish Mines
 22630 | Orc:2    | Noticed Josephine
 22633 | Orc:2    | Upgraded the game from 0.30.0-18-gc0e69614cb to
                  | 0.30.0-19-g36f170ea60
 22646 | Orc:2    | Killed Josephine
 22708 | Orc:2    | Reached skill level 17 in Axes
 22868 | Orc:2    | Found Puqadi's Magic Scroll Shop.
 23202 | Orc:2    | Found Joodoas's Antique Weapon Emporium.
 23298 | Orc:2    | Found a staircase to the Elven Halls.
 23335 | Orc:2    | Found Cinugafo's Magic Scroll Emporium.
 23420 | Orc:2    | Found Guhint's Assorted Antiques.
 23876 | D:11     | Bought a runed tower shield for 270 gold pieces
 24046 | Snake:1  | Entered Level 1 of the Snake Pit
 24425 | Snake:1  | Reached XP level 16. HP: 138/152 MP: 15/15
 24906 | Snake:2  | Reached skill level 1 in Evocations
 24999 | Snake:2  | Found Usmagic's Book Shop.
 26470 | Snake:3  | Found a broken altar of Ashenzari.
 26482 | Snake:3  | Reached skill level 18 in Axes
 26872 | Snake:3  | Noticed Mlioglotl
 26880 | Snake:3  | Killed Mlioglotl
 26901 | Snake:3  | HP: 7/155 [shock serpent/bolt of electricity (16)]
 26901 | Snake:3  | Killed from afar by a shock serpent

Illustrated notes

Levels and vault maps discovered:
D:1:      pf_arrival_petrified_forest, layout_basic, minmay_misc_feat_chi,
          minivault_14, minivault_4
D:2:      layout_loops_ring, serial_shops, shop, minmay_misc_feat_enclosed
D:3:      layout_basic, tgw_kikubaaqudgha, grunt_temple_overflow_holy_war,
          amcnicky_altar_gilded, serial_park_tiny_1, hangedman_decor_growths
D:4:      layout_rooms, mainiacjoe_overflow_alcove_1, kennysheep_mini_moat
D:5:      layout_rooms, serial_bayou_pond_c, kennysheep_boxes
D:6:      layout_rooms, zin_scriptorium, nicolae_vehumet_altar_sigil,
          general_overflow_altar, minmay_temple_entry_offerings, serial_shops,
          kennysheep_little_box
D:7:      layout_layer_cave, uniq_joseph
D:8:      layout_layer_cave, serial_shops, nicolae_shop_statue_plus, uniq_pikel,
          uniq_erica
D:9:      layout_basic, xom_butterflies, lemuel_flamethrower_2
D:10:     layout_rooms, mainiacjoe_overflow_tiny_flanked,
          nicolae_qazlal_style_of_elements, minmay_misc_feat_alley,
          chequers_arboretum, minmay_misc_feat_rows
D:11:     layout_roguey, minmay_lair_entry_grove, david_orc_4
D:12:     layout_loops_ring, minmay_misc_feat_x, uniq_azrael
D:13:     layout_rooms, david_vaults_4, hangedman_abyss_or_decor_passed,
          elyvilon_altar_4
D:14:     layout_rooms, xom_redecorated, gammafunk_ghost_wrathful_warriors,
          kennysheep_cluttered_room, grunt_gozag_statues, uniq_frances
D:15:     grunt_enter_depths_magical_seal, layout_long_grid,
          serial_co_window_serial, co_window_of_opportunity_a,
          co_window_corner_a, co_window_corner_a, co_window_paths_b,
          co_window_paths_a, co_window_paths_c, co_window_paths_c,
          co_window_paths_c, co_window_cross_2, co_window_2corner,
          co_window_4corner_a, co_window_paths_e, glass_columns_b,
          glass_columns_a, glass_columns_a, glass_columns_a
Temple:   jpeg_temple_alley_garden
Lair:1:   layout_regular_city, basic_altar, grunt_megastairs_4,
          serial_bayou_shore_b
Lair:2:   layout_loops_ring, grunt_megastairs_2
Lair:3:   layout_layer_cave, nicolae_swamp_entry_splash_gauntlet,
          nicolae_snake_entry_squirm, chequers_serial_rivers_large_a,
          uniq_nessos, uniq_urug
Lair:4:   layout_big_grid, dpeg_slime_entry_corner, gammafunk_ghost_grave,
          st_stairs_9
Lair:5:   evilmike_catoblepas_cave, layout_layer_cave
Snake:1:  layout_onion_interference, grunt_ministairs_9, corexii_hall_statues_l
Snake:2:  layout_gridlike, serial_shops, nicolae_shop_peninsula
Snake:3:  layout_honeycomb, basic_altar, uniq_aizul, uniq_bai_suzhen,
          uniq_kirke, uniq_mlioglotl
Orc:1:    layout_diamond_mine, minmay_orc_keep
Orc:2:    st_orc_town, layout_caves, uniq_josephine

Skill      XL: |  1  2  3  4  5  6  7  8  9 10 11 12 13 14 15 16 |
---------------+-------------------------------------------------+-----
Axes           | 3 4 5 6 7 9 11 14 15 16 17 18 | 18.3
Fighting       | 9 13 14 15 16 17 | 17.4
Shields        | 9 12 15 16 17 | 17.1
Armour         | 9 12 15 16 17 | 17.1
Throwing       | 4 7 9 |  9.2
Evocations     | 4 |  4.3

Action                     |  1- 3 |  4- 6 |  7- 9 | 10-12 | 13-15 | 16-18 || total
---------------------------+-------+-------+-------+-------+-------+-------++-------
  Melee: War axe           |    64 |   102 |   117 |   326 |   752 |   180 ||  1541
         Headbutt          |     3 |    14 |    17 |    65 |   177 |    48 ||   324
 Invoke: Potion Petition   |       |       |       |     2 |     4 |       ||     6
         Call Merchant     |       |       |       |       |     1 |       ||     1
  Evoke: Wand              |       |       |     4 |     6 |       |     9 ||    19
    Use: Scroll            |       |    14 |     4 |     7 |     7 |     2 ||    34
         Potion            |       |       |     1 |     1 |     5 |     1 ||     8
   Stab: Distracted        |       |       |     1 |     1 |     5 |     1 ||     8
         Invisible         |       |       |       |       |     1 |       ||     1
 Armour: Scale mail        |    33 |    54 |       |       |       |       ||    87
         Plate armour      |       |       |    50 |   102 |   337 |    48 ||   537
         Skin              |       |       |       |       |     8 |       ||     8
  Dodge: Dodged            |    25 |    44 |    31 |    65 |   190 |    32 ||   387
  Block: Buckler           |    37 |    46 |    75 |   117 |   444 |       ||   719
         Reflection        |       |     1 |     4 |    10 |    40 |    29 ||    84
         Tower shield      |       |       |       |       |    45 |   206 ||   251
